 Dungeon Crawl Stone Soup version 0.13-a0-2682-gb26bf1a (webtiles) character file.

359 M4edhros the Shooter (level 5, -4/34 HPs)
             Began as an Octopode Wanderer on Aug 13, 2013.
             Slain by a gnoll
             ... wielding a +0,+0 flail
              (9 damage)
             ... on Level 5 of the Dungeon.
             The game lasted 00:04:40 (3438 turns).

M4edhros the Shooter (Octopode Wanderer)            Turns: 3438, Time: 00:04:40

HP  -4/34        AC  1     Str 12      XL: 5   Next: 44%
MP   7/8         EV 11     Int 15      God:
Gold 196         SH  0     Dex 11      Spells:  0 memorised,  4 levels left

Res.Fire  : . . .   See Invis. : .   c - +0 spear
Res.Cold  : . . .   Warding    : .   (no shield)
Life Prot.: . . .   Conserve   : .   (helmet restricted)
Res.Poison: .       Res.Corr.  : .   (no amulet)
Res.Elec. : .       Clarity    : .   (no ring)
Sust.Abil.: . .     Spirit.Shd : .   (no ring)
Res.Mut.  : .       Stasis     : .   (no ring)
Res.Rott. : .       Flight     : .   (no ring)
Saprovore : . . .                    (no ring)
                                     (no ring)
                                     (no ring)
                                     (no ring)

@: slightly resistant to hostile enchantments, fairly stealthy
A: almost no armour, amphibious, 8 rings, constrict 8, camouflage 1, AC +1
a: no special abilities


You were on level 5 of the Dungeon.
You were not hungry.

You visited 1 branch of the dungeon, and saw 5 of its levels.

You collected 146 gold pieces.

Inventory:

Hand weapons
 b - a +0,+0 crossbow
 c - a +0,+0 spear (weapon)
Missiles
 e - 39 bolts
 q - 4 javelins (quivered)
Magical devices
 a - a wand of frost (0)
Comestibles
 f - 3 bread rations
 h - 2 apples
 o - 12 grapes
Scrolls
 d - a scroll of enchant weapon I
 i - 4 scrolls of identify
 k - 2 scrolls of noise
 l - 3 scrolls of amnesia {unknown}
 p - a scroll of random uselessness {unknown}
Jewellery
 g - an uncursed ring of fire
Potions
 j - 2 potions of curing
 m - 2 potions of heal wounds
 n - a potion of brilliance


   Skills:
 + Level 3.3 Fighting
 - Level 1.0 Polearms
   Level 4.0 Bows
 + Level 2.8 Crossbows
 - Level 1.0 Dodging
   Level 1.0 Shields
 + Level 3.6 Evocations


You had 4 spell levels left.
You didn't know any spells.

Dungeon Overview and Level Annotations

Branches:
Dungeon (5/27)
 Temple: D:4-7

Altars:


Innate Abilities, Weirdness & Mutations

You cannot wear most types of armour.
You are amphibious.
You can wear up to eight rings at the same time.
You can use your tentacles to constrict many enemies at once.
Your skin changes colour to match your surroundings (Stlth).
Your rubbery body absorbs attacks (AC +1).


Message History

You hit the giant eyeball.
The giant eyeball is almost dead.
You constrict the giant eyeball.
You kill the giant eyeball!
The centaur closely misses you. The gnoll closely misses you.
The centaur closely misses you.
You hit the centaur but do no damage.
The centaur is moderately wounded.
The centaur closely misses you. The gnoll hits you with a flail!
A gnoll comes into view.
Drink which item? (? for menu, Esc to quit)
You feel better.
The centaur hits you but does no damage.
The gnoll barely misses you. The centaur hits you.
You hit the gnoll. Your grab misses the gnoll.
The gnoll is lightly wounded.
The centaur hits you!
* * * LOW HITPOINT WARNING * * *
The gnoll hits you with a flail!
You die...

. ###### .... ..!...#
..... #....... ......
........ ......? #......#
....... #......# .......
#......##########c.......
........g.(()(.g@........
#....g.##################
########


You could see a centaur and 2 gnolls.

Vanquished Creatures
  8 adders
  A worm (D:3)
  A scorpion zombie (D:3)
  A giant eyeball (D:5)
  The ghost of M4edhros the Skirmisher, a weakling OpWn (D:3)
  4 giant geckos
  3 orcs
  8 bats
  2 bat skeletons (D:3)
  2 giant cockroaches (D:1)
  7 goblins
  9 hobgoblins
  A ball python (D:1)
  3 giant newts
  A giant newt skeleton (D:3)
  A hobgoblin skeleton (D:3)
  9 jackals
  6 kobolds
  An orc skeleton (D:3)
  An orc zombie (D:3)
  A quokka zombie (D:3)
  9 rats
80 creatures vanquished.

Vanquished Creatures (others)
  A gnoll (D:5)
1 creature vanquished.

Grand Total: 81 creatures vanquished

Notes
Turn   | Place    | Note
--------------------------------------------------------------
     0 | D:1      | M4edhros, the Octopode Wanderer, began the quest for the Orb.
     0 | D:1      | Reached XP level 1. HP: 12/12 MP: 1/1
   137 | D:1      | Reached skill level 1 in Crossbows
   137 | D:1      | Reached XP level 2. HP: 18/18 MP: 2/2
   632 | D:1      | Reached XP level 3. HP: 22/22 MP: 4/4
  1218 | D:2      | Reached XP level 4. HP: 7/28 MP: 5/5
  2432 | D:3      | Noticed M4edhros' ghost (weakling OpWn)
  2441 | D:3      | Killed M4edhros' ghost
  2694 | D:3      | Reached XP level 5. HP: 30/33 MP: 7/7
  3414 | D:5      | Entered Level 5 of the Dungeon
  3421 | D:5      | Noticed a centaur
  3438 | D:5      | Slain by a gnoll

Action                   |  1- 3 |  4- 6 || total
-------------------------+-------+-------++-------
Melee: Spear             |    74 |   128 ||   202
 Fire: Crossbow          |    12 |       ||    12
Evoke: Wand              |     4 |    11 ||    15
  Use: Potion            |     1 |     6 ||     7
       Scroll            |       |     5 ||     5
 Stab: Sleeping          |     2 |     4 ||     6
